 Dungeon Crawl Stone Soup version 0.29-a0-821-g66395355a5 (webtiles) character file.

Game seed: 13564437780815546131

1272 avis the Frost Mage (level 8, -2/59 HPs)
             Began as a Demigod Ice Elementalist on July 8, 2022.
             Slain by an iguana (10 damage)
             ... on level 5 of the Dungeon.
             The game lasted 00:34:57 (6679 turns).

avis the Frost Mage (Demigod Ice Elementalist)      Turns: 6679, Time: 00:34:58

Health: -2/59      AC: 13    Str: 12    XL:     8   Next: 7%
Magic:  7/10       EV: 12    Int: 17    God:
Gold:   251        SH:  0    Dex: 25    Spells: 8/17 levels left

rFire   x . .      SeeInvis .   w - +10 mace "X" {venom, rPois MP-9 Dex+3}
rCold   + . .      Faith    .   (no shield)
rNeg    . . .      Spirit   .   D - +3 leather armour "Coacutz" {Str+3}
rPois   +          Reflect  .   (no helmet)
rElec   .          Harm     .   e - +0 cloak
rCorr   .          Rampage  .   (no gloves)
Will    .....                   (no boots)
Stlth   ++........              (no amulet)
HPRegen 0.19/turn               l - ring of poison resistance
MPRegen 0.12/turn               B - ring of ice

@: ice-armoured
A: high MP 1, forlorn, divine attributes
a: no special abilities


You were on level 5 of the Dungeon.
You visited 1 branch of the dungeon, and saw 6 of its levels.

You collected 251 gold pieces.

Inventory:

Hand Weapons
 a - a +0 dagger
 b - a +0 shortbow
 w - the +10 mace "X" (weapon) {venom, rPois MP-9 Dex+3}
   (You found it on level 2 of the Dungeon)

   It poisons the flesh of those it strikes.
   Dex:       It affects your dexterity (+3).
   rPois:     It protects you from poison.
   MP:        It affects your magic capacity (-9).
 J - a +0 long sword
 K - a +0 sling
 M - a +3 short sword
Missiles
 g - 4 curare-tipped darts
 A - 3 poisoned darts
 H - 3 boomerangs
Armour
 d - a +0 robe
 e - a +0 cloak (worn)
 D - the +3 leather armour "Coacutz" (worn) {Str+3}
   (You found it on level 4 of the Dungeon)

   Str:       It affects your strength (+3).
 I - a +0 leather armour of willpower
Magical Staves
 v - a staff of conjuration
Jewellery
 l - a ring of poison resistance (left hand)
 r - a ring of wizardry
 s - a ring of positive energy
 z - a +6 ring of dexterity
 B - a ring of ice (right hand)
 C - a ring of wizardry
 E - a ring of poison resistance
Wands
 L - a wand of iceblast (17)
Scrolls
 f - a scroll of amnesia {unknown}
 m - a scroll of fog {unknown}
 n - 4 scrolls of blinking {unknown}
 p - 4 scrolls of identify {unknown}
 q - a scroll of magic mapping {unknown}
 u - 2 scrolls of vulnerability {unknown}
 x - 3 scrolls of summoning {unknown}
 y - 3 scrolls of teleportation {unknown}
 O - a scroll of fear {unknown}
Potions
 c - 2 potions of degeneration {unknown}
 h - a potion of curing {unknown}
 i - a potion of lignification {unknown}
 j - a potion of mutation {unknown}
 k - a potion of resistance {unknown}
 o - 3 potions of might {unknown}
 t - 3 potions of heal wounds {unknown}
 F - 2 potions of magic
 G - a potion of ambrosia {unknown}
 N - a potion of flight {unknown}


   Skills:
 + Level 1.6 Fighting
 * Level 1.7 Ranged Weapons
 - Level 1.7 Dodging
 - Level 1.7 Stealth
 - Level 5.0 Spellcasting
 - Level 8.0 Ice Magic


You had 8 spell levels left.
You knew the following spells:

 Your Spells              Type           Power      Damage    Failure   Level
a - Freeze                Ice            100%       1d11      1%          1
h - Ensorcelled Hibernat  Hex/Ice        52%        N/A       5%          2
o - Ozocubu's Armour      Ice            47%        N/A       1%          3
r - Frozen Ramparts       Ice            94%        1d11      1%          3

Your spell library contained the following spells:

 Spells                   Type           Power      Damage    Failure   Level
 Beastly Appendage        Tmut           8%         N/A       19%         1
 Sandblast                Erth           8%         2d5       19%         1
 Passwall                 Tmut/Erth      3%         N/A       26%         2
 Wereblood                Tmut           4%         N/A       26%         2
 Hailstorm                Conj/Ice       26%        3d7       34%         4
 Spider Form              Tmut/Pois      4%         N/A       47%         3
 Stone Arrow              Conj/Erth      8%         3d7       47%         3
 Swiftness                Air            4%         N/A       47%         3


Dungeon Overview and Level Annotations

Branches:
Dungeon (6/15)             Temple (0/1) D:5

Shops:
D:3 *


Innate Abilities, Weirdness & Mutations

You have an increased reservoir of magic. (+10% MP)
You shall have no god before yourself.
Your divine heritage dramatically boosts your attributes as you level up.


Message History

The +10 mace "X" {venom, rPois MP-9 Dex+3} begins to drip with poison!
w - the +10 mace "X" (weapon)
{venom, rPois MP-9 Dex+3} You hit the scorpion.
The scorpion is poisoned.
The scorpion is severely wounded.
The gnoll sergeant hits you from afar with a +0 spear!
The scorpion closely misses you. The gnoll sergeant barely misses you.
The scorpion stings you.
You hit the scorpion but do no damage.
The scorpion looks as sick as possible!
The scorpion is severely wounded.
The scorpion stings you but does no damage.
The gnoll sergeant hits you from afar with a +0 spear!
The iguana closely misses you.
You thump the scorpion!
You kill the scorpion!
The iguana bites you but does no damage.
The gnoll sergeant hits you but does no damage.
The gnoll sergeant hits you from afar with a +0 spear.
The iguana bites you but does no damage.
You hit the iguana.
The iguana is poisoned.
The iguana is heavily wounded.
The gnoll sergeant hits you but does no damage.
The iguana closely misses you.
Your icy armour will break if you move.
Continue?
The gnoll hits you with a +0 whip. The gnoll hits you but does no damage.
The iguana bites you.
The gnoll sergeant hits you from afar with a +0 spear.
You climb upwards.
Your icy armour cracks and falls away as you move.
There is a stone staircase leading down here.
Casting: Ozocubu's Armour (safe; 1% risk of failure)
Confirm with . or Enter, or press ? or * to list all spells.
You feel a surge of power! A film of ice covers your body!
The gnoll hits you with a +0 whip.
* * * LOW HITPOINT WARNING * * *
The iguana bites you!
* * * LOW HITPOINT WARNING * * *
You hit the gnoll.
The gnoll is heavily wounded.
The gnoll barely misses you. The iguana bites you!
You die...

#..............................
#.....................≈≈≈≈≈....
###...................≈≈≈≈≈≈≈≈≈..
#....#########'##...≈≈≈≈≈≈≈≈≈≈≈≈≈
#....#..........#..≈≈≈≈≈≈...≈≈≈≈≈
#....#..[.......#..≈≈≈≈≈≈.>.≈≈≈≈≈
#....#..##..###'#..≈≈≈≈≈≈[..≈≈≈≈≈
#....##+##..#..l...≈≈≈≈≈≈≈≈≈≈≈≈≈≈
..)......#.[)...@...≈≈≈≈≈≈≈≈≈≈≈≈≈
.........'..#..)g.....≈≈≈≈≈≈≈≈≈..
.........#..#...........≈≈≈≈≈....
.........####....................
########.........####....##..##..
#.........#..#....#...####
#.........#..#....#....# #
#.........#..#....#....###
#.........#..#....'....+#.


You could see an iguana (very poisoned) and a gnoll.

Vanquished Creatures
  Grinder (D:3)
  Sigmund (D:2)
  2 ogres
  A centaur (D:5)
  2 scorpions
  A necrophage (D:6)
  3 hounds
  2 orc priests (D:4)
  3 iguanas
  2 orc wizards
  5 gnolls
  7 adders
  5 worms
  4 dart slugs
  10 orcs
  5 bats
  7 endoplasms
  7 hobgoblins
  4 jackals (D:4)
  7 quokkas
  6 ball pythons
  2 frilled lizards (D:1)
  5 goblins
  5 kobolds (D:1)
  7 rats
104 creatures vanquished.

Notes
Turn   | Place    | Note
-------+----------+-------------------------------------------
     0 | D:1      | avis the Demigod Ice Elementalist began the quest for the
                  | Orb.
     0 | D:1      | Reached XP level 1. HP: 14/14 MP: 5/5
   465 | D:1      | Reached XP level 2. HP: 20/20 MP: 4/8
  1299 | D:2      | Identified the +10 mace "X" {venom, rPois MP-9 Dex+3}
  1415 | D:2      | Reached XP level 3. HP: 26/26 MP: 8/10
  1421 | D:2      | Learned a level 3 spell: Ozocubu's Armour
  1425 | D:2      | Learned a level 3 spell: Frozen Ramparts
  1446 | D:2      | Noticed Sigmund
  1482 | D:2      | Killed Sigmund
  1483 | D:2      | Reached XP level 4. HP: 9/33 MP: 0/13
  1483 | D:2      | Reached XP level 5. HP: 10/38 MP: 0/15
  1846 | D:2      | Reached skill level 5 in Spellcasting
  2733 | D:3      | Reached skill level 1 in Fighting
  2741 | D:3      | Noticed Grinder
  2752 | D:3      | Paralysed by Grinder for 4 turns
  2756 | D:3      | Killed Grinder
  2757 | D:3      | Reached skill level 5 in Ice Magic
  2757 | D:3      | Reached XP level 6. HP: 18/47 MP: 7/16
  2982 | D:3      | Found Huc Uzysch's Assorted Antiques.
  3885 | D:4      | Reached skill level 6 in Ice Magic
  3885 | D:4      | Reached XP level 7. HP: 28/52 MP: 8/17
  4828 | D:4      | Identified the +3 leather armour "Coacutz" {Str+3}
  5164 | D:5      | Entered Level 5 of the Dungeon
  5175 | D:5      | Reached skill level 7 in Ice Magic
  5214 | D:4      | Learned a level 2 spell: Ensorcelled Hibernation
  5493 | D:5      | Found a staircase to the Ecumenical Temple.
  6479 | D:6      | Reached skill level 8 in Ice Magic
  6482 | D:6      | Reached skill level 1 in Ranged Weapons
  6482 | D:6      | Reached XP level 8. HP: 35/59 MP: 10/19
  6679 | D:5      | Slain by an iguana

Illustrated notes

Levels and vault maps discovered:
D:1:      dpeg_arrival_water_altar, layout_loops_ring, minmay_stone_trees_medium
D:2:      layout_loops_ring, minivault_24, minmay_misc_feat_room, uniq_sigmund
D:3:      layout_basic, serial_shops, nicolae_shop_waterfront, uniq_grinder
D:4:      layout_loops_ring, cheibrodos_sewer_entry_bend,
          kennysheep_generic_room_7
D:5:      layout_gridville, marbit_many_paths, temple_pool_b
D:6:      layout_loops_ring, serial_shops,
          nicolae_shop_temple_entry_statues_fountains,
          chequers_serial_rivers_micro_b

Skill      XL: |  1  2  3  4  5  6  7 |
---------------+----------------------+-----
Spellcasting   | 2 3 4 5 |  5.0
Fighting       | 1 |  1.6
Ice Magic      | 5 6 8 |  8.0
Ranged Weapons | 1 |  1.7
Dodging        | |  1.7
Stealth        | |  1.7

Action                   |  1- 3 |  4- 6 |  7- 9 || total
-------------------------+-------+-------+-------++-------
Melee: Mace              |       |    26 |    18 ||    44
       Dagger            |       |     3 |       ||     3
       Punch             |       |       |     1 ||     1
 Fire: Shortbow          |       |       |    43 ||    43
 Cast: Freeze            |    57 |    30 |    65 ||   152
       Ozocubu's Armour  |     1 |    10 |    26 ||    37
 Stab: Sleeping          |       |     4 |       ||     4
Armor: Robe              |     8 |    12 |    19 ||    39
       Leather armour    |       |       |    28 ||    28
Dodge: Dodged            |    24 |    21 |    66 ||   111

Table legend: (Time is in decaauts)
 A = Elapsed time spent in this place.
 B = Non-inter-level travel time spent in this place.
 C = Inter-level travel time spent in this place.
 D = Time resting spent in this place.
 E = Time spent auto-exploring this place.
 F = Levels seen in this place.
 G = Mean time per level.
                   A        B        C        D        E       F      G
               +--------+--------+--------+--------+--------+-----+--------+
         Total |   6720 |   6313 |    407 |   2343 |   2870 |   6 | 1120.0 |
       Dungeon |   6720 |   6313 |    407 |   2343 |   2870 |   6 | 1120.0 |
               +--------+--------+--------+--------+--------+-----+--------+

Top non-repeatable levels by time:
     D:5: 1421 daAuts
     D:2: 1397 daAuts
     D:4: 1386 daAuts
     D:1: 1301 daAuts
     D:3: 1174 daAuts
     D:6: 40 daAuts
